 Dungeon Crawl Stone Soup version 0.31.0-12-g77e489cdc1 (webtiles) character file.

Game seed: 8792949753698375156

2858 lordive the Carver (level 9, -2/79 HPs)
             Began as a Minotaur Monk on Mar 2, 2024.
             Was an Elder of Okawaru.
             Constricted to death by Erica (4 damage)
             ... on level 8 of the Dungeon.
             The game lasted 00:11:55 (6949 turns).

lordive the Carver (Minotaur Monk)                  Turns: 6949, Time: 00:11:56

Health: -2/79      AC: 12    Str: 18    XL:     9   Next: 47%
Magic:  11/11      EV: 11    Int:  7    God:    Okawaru [****..]
Gold:   515        SH:  0    Dex: 15    Spells: 8/8 levels left

rFire   . . .        g - +2 great sword (holy)
rCold   . . .        (shield currently unavailable)
rNeg    + . .        z - +0 acid dragon scales
rPois   .            (helmet restricted)
rElec   .            j - +0 cloak {rCorr}
rCorr   +            (no gloves)
SInv    .            (no boots)
Will    .....        (no amulet)
Stlth   +            r - ring of positive energy
HPRegen 0.33/turn    f - +4 ring of protection
MPRegen 0.12/turn

%: no passive effects
@: lethally poisoned (-2 -> -5), hasted, constricted, very quick
A: horns 2, retaliatory headbutt
a: Renounce Religion, Heroism, Finesse


You were on level 8 of the Dungeon.
You worshipped Okawaru.
Okawaru was greatly pleased with you.
You visited 2 branches of the dungeon, and saw 9 of its levels.
You also visited: Sewer.

You collected 515 gold pieces.

Inventory:

Hand Weapons
 g - a +2 great sword of holy wrath (weapon)
 m - the +7 dagger "Tattletale" {pain, MP+9 Int+3}
   (You found it on level 3 of the Dungeon)

   Int+3:     It affects your intelligence (+3).
   MP+9:      It affects your magic capacity (+9).
Armour
 c - a +0 chain mail
 j - a +0 cloak of preservation (worn)
 n - a +1 leather armour of willpower
 z - +0 acid dragon scales (worn)
Jewellery
 f - a +4 ring of protection (right hand)
 p - an amulet of faith
 r - a ring of positive energy (left hand)
Wands
 s - a wand of mindburst (7)
 A - a wand of polymorph (4)
 B - a wand of flame (29)
Scrolls
 a - 3 scrolls of fear
 b - 3 scrolls of identify
 d - 3 scrolls of blinking {unknown}
 e - 3 scrolls of vulnerability {unknown}
 h - a scroll of revelation {unknown}
 i - a scroll of immolation {unknown}
 l - 4 scrolls of teleportation {unknown}
 q - a scroll of noise {unknown}
 w - a scroll of poison {unknown}
 y - a scroll of amnesia {unknown}
Potions
 o - a potion of might
 t - a potion of haste
 u - 3 potions of magic
 v - 2 potions of mutation
 x - 2 potions of enlightenment {unknown}
 C - a potion of attraction {unknown}


   Skills:
 + Level 7.1 Fighting
 + Level 10.7 Long Blades
 * Level 6.1 Armour
 * Level 6.6 Dodging
 * Level 4.1 Invocations


You had 8 spell levels left.
You didn't know any spells.
Your spell library contained the following spells:

 Spells                   Type           Power      Damage    Failure   Level
 Freeze                   Ice            0%         1d3       52%         1
 Necrotise                Necr           0%         1d4       52%         1
 Static Discharge         Conj/Air       0%         3-3/arc   65%         2
 Frozen Ramparts          Ice            0%         1d1       87%         3
 Hailstorm                Conj/Ice       0%         3d5       87%         3
 Vampiric Draining        Necr           0%         2d6       87%         3
 Airstrike                Air            0%         2d(0-16)  99%         4
 Curse of Agony           Necr           0%         N/A       100%        5
 Martyr's Knell           Necr/Summ      Unusable   N/A       N/A         4
 Summon Lightning Spire   Summ/Air       Unusable   N/A       N/A         4

Dungeon Overview and Level Annotations

Branches:
Dungeon (8/15)             Temple (1/1) D:4           Sewer (visited)
   Lair: D:8-11

Altars:
Ashenzari
Elyvilon
Fedhas
Gozag
Hepliaklqana
Kikubaaqudgha
Makhleb
Nemelex Xobeh
Okawaru
Qazlal
Ru
Sif Muna
Trog
Vehumet
Yredelemnul
Zin
The Shining One

Shops:
D:7 *

Annotations:
D:8 1 runed translucent door, Erica


Innate Abilities, Weirdness & Mutations

You have a pair of horns on your head.
You reflexively headbutt those who attack you in melee.


Message History

You feel very sick. The acid dragon spits acid at you.
The splash of acid hits you! You resist. Something barely misses you.
Something grabs you.
You are constricted.
You slice the acid dragon!! Your headbutt misses the acid dragon.
The acid dragon is almost dead.
You feel very sick.
The acid dragon bites you but does no damage.
The acid dragon claws you but does no damage.
Something hits you! Something burns you.
You are constricted.
You are too injured to fight recklessly!
You are too injured to fight recklessly!
You are too injured to fight recklessly!
You barely miss the acid dragon.
The acid dragon is almost dead.
You feel very sick.
The acid dragon closely misses you. x2; Something hits you!
* * * LOW HITPOINT WARNING * * *
Something burns you.
* * * LOW HITPOINT WARNING * * *
You are constricted.
* * * LOW HITPOINT WARNING * * *
You feel much better.
You feel sick. The acid dragon closely misses you.
The acid dragon claws you but does no damage.
Something hits you. Something burns you.
You are constricted.
You slash the acid dragon!
You kill the acid dragon!
Okawaru accepts your kill.
You feel sick. Something hits you!
* * * LOW HITPOINT WARNING * * *
Something burns you.
* * * LOW HITPOINT WARNING * * *
You are constricted.
* * * LOW HITPOINT WARNING * * *
You feel yourself speed up.
You feel sick. Something hits you!
* * * LOW HITPOINT WARNING * * *
Something burns you.
* * * LOW HITPOINT WARNING * * *
You are constricted.
You die...

#).....# #..~...#
##...~..### ...~~....
#......# ## #......#
uc###### #{†....#
CJ##...# #.@....#
lD#.##.# ##..####
##+###.# ##.##
#.###.## #..#
.###...########.##
.##..#..........#
...#...#....#####
########....#########
............'.......#


There were no monsters in sight!

Vanquished Creatures
  Maggie (D:6)
  Jeremiah (D:7)
  Prince Ribbit (D:7)
  Eustachio (D:5)
  An acid dragon (D:8)
  2 ice beasts
  2 black bears
  A sky beast (D:7)
  2 ogres (D:6)
  A phantom (D:3)
  A bullfrog (D:6)
  A gnoll sergeant (D:5)
  2 scorpions
  2 bombardier beetles (D:5)
  2 hounds
  3 jellies
  3 orc priests
  A gnoll bouda (D:7)
  A sleepcap (D:6)
  2 iguanas
  4 orc wizards
  Natasha (twice) (D:2)
  13 gnolls
  7 adders
  2 river rats
  A shadow imp (D:7)
  2 ufetubi (D:6)
  2 adder skeletons (D:3)
  2 adder zombies (D:3)
  2 dart slugs
  3 ribbon worms
  32 orcs
  12 endoplasms
  9 giant cockroaches
  5 goblins
  8 hobgoblins
  A jackal (D:2)
  6 quokkas
  14 ball pythons
  A ball python skeleton (D:3)
  A ball python zombie (D:3)
  6 bats
  2 frilled lizards
  8 kobolds
  9 rats
185 creatures vanquished.

Notes
Turn   | Place    | Note
-------+----------+-------------------------------------------
     0 | D:1      | lordive the Minotaur Monk began the quest for the Orb.
     0 | D:1      | Reached XP level 1. HP: 19/19 MP: 0/0
    47 | D:1      | You fall into a shaft and drop 1 floor!
   224 | D:1      | Reached XP level 2. HP: 27/27 MP: 1/1
   452 | D:1      | Reached skill level 4 in Long Blades
   831 | D:2      | Reached XP level 3. HP: 30/33 MP: 2/2
  1053 | D:2      | Noticed Natasha
  1059 | D:2      | Killed Natasha
  1104 | D:2      | Reached XP level 4. HP: 32/41 MP: 3/3
  1306 | D:2      | Noticed Natasha
  1312 | D:2      | Killed Natasha
  1313 | D:2      | Reached skill level 5 in Long Blades
  1675 | D:3      | Reached XP level 5. HP: 14/47 MP: 4/4
  1968 | D:3      | Reached skill level 6 in Long Blades
  2240 | D:3      | Noticed a phantom
  2249 | D:3      | Killed a phantom
  2250 | D:3      | Reached XP level 6. HP: 50/55 MP: 5/5
  2254 | D:3      | Reached skill level 5 in Fighting
  2274 | D:3      | Identified the +7 dagger "Tattletale" {pain, MP+9 Int+3}
  2889 | D:4      | Reached skill level 1 in Armour
  2977 | D:4      | Found a staircase to the Ecumenical Temple.
  3030 | D:4      | Reached skill level 7 in Long Blades
  3036 | Temple   | Entered the Ecumenical Temple
  3045 | Temple   | Became a worshipper of Warmaster Okawaru
  3045 | Temple   | Reached * piety under Okawaru
  3045 | Temple   | Reached ** piety under Okawaru
  3202 | D:4      | Found a sacrificial altar of Ru.
  3385 | D:5      | Entered Level 5 of the Dungeon
  3396 | D:5      | Reached XP level 7. HP: 37/61 MP: 6/6
  3521 | D:5      | Noticed Eustachio
  3543 | D:5      | Killed Eustachio
  3544 | D:5      | Reached skill level 1 in Invocations
  3782 | D:4      | Reached skill level 5 in Dodging
  3885 | D:5      | Reached skill level 8 in Long Blades
  4154 | D:5      | Found a blossoming altar of Fedhas.
  4481 | D:5      | Reached XP level 8. HP: 67/70 MP: 8/8
  4765 | D:6      | Found a hazy altar of Hepliaklqana.
  4824 | D:6      | Reached *** piety under Okawaru
  4941 | D:6      | Found a glowing drain.
  4957 | Sewer    | Entered a sewer
  5093 | Sewer    | Found a shimmering altar of Xom.
  5449 | D:6      | Reached skill level 9 in Long Blades
  5791 | D:6      | Noticed Maggie
  5799 | D:6      | Killed Maggie
  5800 | D:6      | Reached skill level 5 in Armour
  6110 | D:7      | Noticed Prince Ribbit
  6114 | D:7      | Killed Prince Ribbit
  6115 | D:7      | Reached skill level 10 in Long Blades
  6115 | D:7      | Reached XP level 9. HP: 78/78 MP: 7/10
  6236 | D:7      | Noticed Jeremiah
  6251 | D:7      | Killed Jeremiah
  6251 | D:7      | Reached **** piety under Okawaru
  6406 | D:7      | Found Umeafep's Assorted Antiques.
  6645 | D:7      | Found a glowing golden altar of the Shining One.
  6885 | D:8      | Noticed an orc knight
  6886 | D:8      | Found a runed translucent door.
  6888 | D:8      | Noticed a deep elf pyromancer
  6888 | D:8      | Noticed a six-headed hydra
  6888 | D:8      | Noticed a cyan ugly thing
  6888 | D:8      | Noticed a cyclops
  6888 | D:8      | Identified the +0 acid dragon scales of Macaroni {Will+
                  | rCorr Int+5}
  6888 | D:8      | Noticed a yaktaur
  6939 | D:8      | Noticed Erica
  6949 | D:8      | HP: 2/79 [something (5)]
  6949 | D:8      | Constricted to death by Erica

Illustrated notes

Levels and vault maps discovered:
D:1:      saegor_arrival_simple_b, layout_loops_cross
D:2:      layout_loops_cross, serial_forest, infiniplex_forest_lined_3,
          infiniplex_forest_straight_4, infiniplex_forest_clump_small,
          infiniplex_forest_clump_double, grunt_ministairs_3, uniq_natasha
D:3:      layout_loops_ring, dilly_guarded_unrand_morg
D:4:      layout_cave_pools, nicolae_ru_sacrificial_ziggurat,
          minmay_temple_entry_stoned_glass
D:5:      layout_basic, mainiacjoe_overflow_six_doors_small, uniq_eustachio
D:6:      layout_gridville, mainiacjoe_overflow_paths, portal_sewer_entry_b,
          uniq_maggie
D:7:      layout_rooms, amcnicky_altar_gilded, serial_shops, shop,
          chequers_hall_statues_corner_a, uniq_prince_ribbit1, uniq_jeremiah
D:8:      minmay_gate_of_8, layout_basic, gammafunk_temple_overflow_elements,
          enter_bailey_8, uniq_psyche, uniq_erica
Temple:   nicolae_temple_ecumenical_triangle

Skill      XL: |  1  2  3  4  5  6  7  8  9 |
---------------+----------------------------+-----
Long Blades    | 4 5 6 7 8 10 | 10.7
Fighting       | 4 5 6 7 |  7.1
Dodging        | 4 5 6 |  6.6
Armour         | 1 3 5 6 |  6.1
Invocations    | 1 3 4 |  4.1

Action                     |  1- 3 |  4- 6 |  7- 9 || total
---------------------------+-------+-------+-------++-------
  Melee: Falchion          |     7 |       |       ||     7
         Headbutt          |     7 |    19 |    45 ||    71
         Great sword       |    37 |   140 |   226 ||   403
 Invoke: Heroism           |       |       |     2 ||     2
    Use: Potion            |       |     2 |     3 ||     5
         Scroll            |       |       |     6 ||     6
   Stab: Sleeping          |     3 |       |       ||     3
 Armour: Robe              |    28 |    41 |       ||    69
         Chain mail        |       |   113 |   157 ||   270
         Acid dragon scale |       |       |    53 ||    53
  Dodge: Dodged            |    30 |    70 |   177 ||   277
